Map: [ESL] Tropical Sacrifice

Players

Bunny

  • Race: Terran Terran
  • Spawn Location: 7:00

SpeCial - Winner!

  • Race: Terran Terran
  • Spawn Location: 1:00

Event: DreamHack SC2 Masters 2022 Valencia

VOD

Have the link to the VOD?

Description

Time

  • Played on: July 1, 2022, 12:53 p.m.
  • Length: 7:25

All games in this series

Show
View Real Time Build Order
Export as new Build Order

Bunny Terran 

Build Orders: Gas First Reaper Expand, Mech 

Get SALT Encoding   

  12  0:00  SCV  
  13  0:12  SCV  
  14  0:17  Supply Depot  
  14  0:24  SCV  
  15  0:28  Refinery  
  15  0:39  SCV  
  16  0:45  Barracks  
  16  0:51  SCV  
  17  1:03  SCV  
  18  1:15  SCV  
  19  1:31  Orbital Command  
  19  1:32  Reaper  
  20  1:45  Command Center  
  20  1:54  Factory  
  20  1:58  SCV  
  21  2:05  Supply Depot  
  21  2:08  Marine  
  23  2:17  Bunker  
  23  2:18  SCV  
  22  2:26  Marine  
  23  2:30  SCV  
  23  2:34  Command Center  
  24  2:38  Hellion  
  26  2:44  SCV, Marine  
  26  2:49  Supply Depot  
  28  3:00  Starport  
  28  3:03  Factory Tech Lab  
  28  3:05  SCV  
  29  3:10  Refinery  
  29  3:12  Marine  
  30  3:17  SCV  
  31  3:21  Cyclone  
  34  3:29  SCV  
  34  3:30  Marine  
  36  3:38  Starport Tech Lab  
  36  3:41  SCV  
  36  3:46  Refinery  
  37  3:53  SCV  
  37  4:05  SCV, Marine  
  37  4:08  Raven  
  39  4:14  Orbital Command  
  39  4:17  SCV  
  40  4:26  Cyclone  
  40  4:29  SCV  
  44  4:36  Command Center  
  44  4:40  SCV  
  44  4:41  Barracks Reactor  
  44  4:42  SCV  
  46  4:52  SCV  
  46  4:54  SCV  
  46  4:58  Cyclone, Mag-Field Accelerator  
  50  5:04  Refinery, SCV  
  51  5:07  SCV  
  51  5:10  Supply Depot  
  52  5:16  SCV  
  52  5:19  SCV  
  53  5:22  Supply Depot  
  53  5:24  Marine  
  53  5:26  Raven, Marine  
  51  5:30  SCV  
  51  5:31  SCV, Cyclone  
  56  5:42  SCV  
  56  5:43  SCV  
  56  5:46  Supply Depot  
  56  5:48  Orbital Command  
  57  5:53  Factory  
  57  5:54  SCV  
  57  5:55  SCV  
  59  6:03  Cyclone  
  62  6:06  Factory  
  62  6:10  SCV x2  
  64  6:21  SCV  
  64  6:22  SCV  
  64  6:23  SCV  
  67  6:27  Armory  
  67  6:29  Armory  
  67  6:31  Supply Depot  
  67  6:34  SCV  
  67  6:35  Siege Tank  
  67  6:36  SCV  
  71  6:51  SCV x2  
  76  7:05  Refinery  
  72  7:11  Command Center  
Show
View Real Time Build Order
Export as new Build Order

SpeCial Terran - Winner!

Build Orders: 2 Factory, Cyclone Opening 

Get SALT Encoding   

  12  0:00  SCV  
  13  0:12  SCV  
  14  0:18  Supply Depot  
  14  0:24  SCV  
  15  0:40  SCV  
  15  0:41  Barracks  
  16  0:46  Refinery  
  16  0:52  SCV  
  17  0:58  Refinery  
  17  1:04  SCV  
  18  1:16  SCV  
  19  1:29  Orbital Command, Reaper  
  20  1:42  Supply Depot  
  20  1:47  Factory  
  20  1:54  SCV  
  20  2:01  Reaper  
  22  2:06  SCV  
  23  2:18  SCV  
  24  2:30  SCV  
  24  2:31  Command Center  
  24  2:33  Factory Tech Lab  
  25  2:43  SCV  
  26  2:44  Supply Depot  
  26  2:52  Cyclone  
  26  2:55  SCV  
  26  2:58  Mag-Field Accelerator  
  30  3:07  SCV  
  31  3:17  Factory  
  32  3:20  SCV  
  32  3:29  Cyclone  
  32  3:32  SCV  
  32  3:33  Refinery  
  36  3:43  Orbital Command  
  36  3:45  SCV  
  37  3:57  SCV  
  37  4:01  Factory Tech Lab, Cyclone  
  41  4:11  SCV x2  
  41  4:16  Barracks  
  42  4:23  SCV x2  
  44  4:25  Starport  
  44  4:32  Cyclone  
  44  4:33  Cyclone  
  44  4:35  SCV x2  
  51  4:45  Supply Depot  
  51  4:47  SCV  
  51  4:48  SCV  
  53  4:58  Supply Depot  
  53  4:59  SCV  
  54  5:02  Starport Reactor  
  54  5:06  SCV  
  55  5:10  Supply Depot  
  55  5:12  Command Center  
  57  5:14  Widow Mine x2  
  57  5:18  SCV x2  
  61  5:22  Refinery  
  61  5:30  SCV  
  61  5:31  SCV  
  66  5:35  Cyclone x2  
  66  5:42  SCV  
  70  5:43  SCV  
  70  5:48  Supply Depot  
  70  5:49  Liberator  
  74  5:52  Liberator  
  74  5:54  SCV  
  78  6:09  Factory  
  78  6:10  SCV x2  
  80  6:11  Supply Depot  
  80  6:18  Cyclone  
  83  6:19  Cyclone  
  83  6:23  SCV x2  
  83  6:25  Orbital Command  
  88  6:35  SCV x2  
  90  6:40  Refinery x2  
  90  6:47  SCV x2  
  90  6:52  Cyclone x2  
  98  6:54  SCV  
  98  6:59  SCV x2  
  99  7:06  SCV  
  100  7:12  SCV x2  
  106  7:20  Supply Depot  

Tags
 
Add a new tag
Caveats
  • Supply blocks, unpowered buildings, or Contaminate may cause inaccurate times.
  • Supply counts are checked every 10 seconds.